 Dungeon Crawl Stone Soup version 0.13.0-29-gdb529de (webtiles) character file.

213 Lilouch the Firebug (level 4, 0/24 HPs)
             Began as a Deep Elf Fire Elementalist on Nov 6, 2013.
             Succumbed to an adder's poison
             ... on Level 3 of the Dungeon.
             The game lasted 00:15:21 (2135 turns).

Lilouch the Firebug (Deep Elf Fire Elementalist)    Turns: 2135, Time: 00:15:21

HP   0/24        AC  2     Str  5      XL: 4   Next: 74%
MP  10/13        EV 13     Int 21      God:
Gold 94          SH  0     Dex 15      Spells:  2 memorised,  5 levels left

Res.Fire  : . . .   See Invis. : .   o - +0 sling
Res.Cold  : . . .   Warding    : .   a - +0 elf robe
Life Prot.: + . .   Conserve   : .   (no shield)
Res.Poison: .       Res.Corr.  : .   (no helmet)
Res.Elec. : .       Clarity    : .   (no cloak)
Sust.Abil.: . .     Spirit.Shd : .   (no gloves)
Res.Mut.  : +       Stasis     : .   (no boots)
Res.Rott. : .       Flight     : .   r - amulet of resist mutation {unknown}
Saprovore : . . .                    (no ring)
                                     g - ring of positive energy {unknown}

@: mildly poisoned, slightly resistant to hostile enchantments, fairly stealthy
A: no striking features
a: no special abilities


You were on level 3 of the Dungeon.
You were not hungry.

You visited 1 branch of the dungeon, and saw 3 of its levels.

You collected 74 gold pieces.

Inventory:

Hand weapons
 m - a +0,+0 halberd
 o - a +0,+0 sling (weapon)
 q - a -1,+1 orcish spear
Missiles
 i - 64 stones (quivered)
 n - 16 sling bullets
 s - 7 javelins
 y - 21 poisoned needles
 A - 5 poisoned darts
Armour
 a - a +0 elven robe (worn)
Magical devices
 e - a wand of frost (10)
Comestibles
 c - 3 bread rations
 d - an apricot
 t - a meat ration
 v - 2 chunks of hobgoblin flesh
 B - a pear
Scrolls
 f - a scroll of remove curse {unknown}
 h - a scroll of fear {unknown}
 j - 2 scrolls of enchant armour {unknown}
 l - 2 scrolls of identify {unknown}
 u - a scroll of fog {unknown}
Jewellery
 g - a ring of positive energy (left hand) {unknown}
 r - an amulet of resist mutation (around neck) {unknown}
Potions
 k - a potion of magic {unknown}
 p - a potion of agility {unknown}
 w - a potion of restore abilities {unknown}
 x - 2 potions of paralysis {unknown}
Books
 b - a book of Flames

   Spells                             Type                      Level
   *Flame Tongue                      Conjuration/Fire             1
   Throw Flame                        Conjuration/Fire             2
   *Conjure Flame                     Conjuration/Fire             3
   Inner Flame                        Hexes/Fire                   3
   Sticky Flame                       Conjuration/Fire             4
   Fireball                           Conjuration/Fire             5


   Skills:
 - Level 2.4 Dodging
 - Level 2.4 Stealth
 + Level 3.1 Spellcasting
 * Level 3.8 Conjurations
 + Level 4.1 Fire Magic


You had 5 spell levels left.
You knew the following spells:

 Your Spells              Type           Power        Failure   Level  Hunger
a - Flame Tongue          Conj/Fire      ###..        2%          1    None
b - Conjure Flame         Conj/Fire      ###.....     10%         3    ###....


Dungeon Overview and Level Annotations

Branches:
Dungeon (3/27)

Altars:
Vehumet


Message History

* * * LOW HITPOINT WARNING * * *
You feel sick.
You start resting.
* * * LOW HITPOINT WARNING * * *
You feel sick.
You start resting.
* * * LOW HITPOINT WARNING * * *
You feel sick.
You start resting.
* * * LOW HITPOINT WARNING * * *
You feel sick.
You start resting.
* * * LOW HITPOINT WARNING * * *
You feel sick.
You start resting.
* * * LOW HITPOINT WARNING * * *
You feel sick.
You feel a little better.
You start resting.
You die...

##.####
#...#.
.... ..)
#.#
#######.#
#.....<.#
#.#####.#
#@# #.#
#.. ##(#
(# .# .#
.# .


There were no monsters in sight!

Vanquished Creatures
  A gnoll (D:1)
  5 adders
  A worm (D:2)
  2 giant geckos (D:1)
  6 bats
  3 giant cockroaches (D:2)
  12 hobgoblins
  8 kobolds
  2 quokkas (D:2)
  A ball python (D:1)
  2 giant newts (D:2)
  3 goblins (D:1)
  3 jackals (D:1)
  3 rats
52 creatures vanquished.

Notes
Turn   | Place    | Note
--------------------------------------------------------------
     0 | D:1      | Lilouch, the Deep Elf Fire Elementalist, began the quest for the Orb.
     0 | D:1      | Reached XP level 1. HP: 10/10 MP: 4/4
   195 | D:1      | Reached XP level 2. HP: 15/15 MP: 1/6
   543 | D:1      | Reached XP level 3. HP: 19/19 MP: 6/9
  1218 | D:2      | Learned a level 3 spell: Conjure Flame
  1483 | D:2      | Reached XP level 4. HP: 24/24 MP: 8/12
  1709 | D:2      | Reached skill level 4 in Fire Magic
  1833 | D:2      | Found a radiant altar of Vehumet.
  2131 | D:3      | HP: 1/24 [poisoned by an adder]
  2135 | D:3      | Succumbed to an adder's poison

Action                   |  1- 3 |  4- 6 || total
-------------------------+-------+-------++-------
Melee: Unarmed           |     1 |       ||     1
 Fire: Sling             |    10 |    40 ||    50
Throw: Stone             |    64 |       ||    64
 Cast: Flame Tongue      |    66 |    17 ||    83
       Conjure Flame     |     1 |     2 ||     3
  Use: Potion            |       |     1 ||     1
